 Dungeon Crawl Stone Soup version 0.29.1-13-g9f3cf754e1 (webtiles) character file.

Game seed: 11908427001854901232

174 FaviusArthum the Conjurer (level 5, 0/28 HPs)
             Began as a Deep Elf Conjurer on Jan 28, 2023.
             Shot with an arrow by a centaur (6 damage)
             ... on level 7 of the Dungeon.
             The game lasted 00:10:47 (5697 turns).

FaviusArthum the Conjurer (Deep Elf Conjurer)       Turns: 5697, Time: 00:10:48

Health: 0/28       AC:  5    Str:  4    XL:     5   Next: 28%
Magic:  14/14      EV: 12    Int: 25    God:
Gold:   156        SH:  0    Dex: 13    Spells: 6/13 levels left

rFire   . . .      SeeInvis .   c - +0 dagger (speed)
rCold   . . .      Faith    .   (no shield)
rNeg    . . .      Spirit   .   a - +0 robe
rPois   .          Reflect  .   l - +2 helmet
rElec   .          Harm     .   (no cloak)
rCorr   .          Rampage  .   (no gloves)
Will    .....                   (no boots)
Stlth   ++........              (no amulet)
HPRegen 0.09/turn               (no ring)
MPRegen 0.14/turn               (no ring)

@: hasted, very quick
A: no striking features
a: no special abilities


You were on level 7 of the Dungeon.
You visited 1 branch of the dungeon, and saw 5 of its levels.

You collected 156 gold pieces.

Inventory:

Hand Weapons
 c - a +0 dagger of speed (weapon)
 g - a +0 scimitar
Armour
 a - a +0 robe (worn)
 l - a +2 helmet (worn)
 p - a +3 kite shield
Wands
 n - a wand of flame (17)
 r - a wand of charming (11)
Scrolls
 j - 3 scrolls of teleportation
 o - a scroll of fear {unknown}
 q - a scroll of amnesia {unknown}
Potions
 b - a potion of magic
 d - a potion of haste
 e - 2 potions of curing {unknown}
 f - 2 potions of degeneration {unknown}
 h - 4 potions of flight
 i - 2 potions of ambrosia {unknown}
 k - 2 potions of resistance {unknown}


   Skills:
 + Level 0.2 Short Blades
 + Level 2.6 Dodging
 + Level 2.7 Stealth
 + Level 4.7 Spellcasting
 + Level 6.2 Conjurations
 * Level 1.2 Hexes


You had 6 spell levels left.
You knew the following spells:

 Your Spells              Type           Power      Damage    Failure   Level
a - Magic Dart            Conj           100%       1d8       1%          1
b - Searing Ray           Conj           74%        2d7       1%          2
c - Fulminant Prism       Conj/Hex       12%        3d9       19%         4

Your spell library contained the following spells:

 Spells                   Type           Power      Damage    Failure   Level
 Dazzling Flash           Conj/Hex       48%        N/A       5%          3
 Beastly Appendage        Tmut           10%        N/A       9%          1
 Wereblood                Tmut           5%         N/A       13%         2
 Iskenderun's Mystic Bla  Conj/Tloc      21%        2d6       24%         4
 Ozocubu's Armour         Ice            5%         N/A       26%         3
 Spider Form              Tmut/Pois      5%         N/A       26%         3
 Metabolic Englaciation   Hex/Ice        4%         N/A       88%         5
 Simulacrum               Ice/Necr       2%         N/A       100%        6


Dungeon Overview and Level Annotations

Branches:
Dungeon (4/15)
 Temple: D:4-7

Altars:
Kikubaaqudgha
Qazlal

Shops:
D:7 *

Annotations:
D:3 1 runed translucent door, Crazy Yiuf


Message History

Press: ? - help, Shift-Dir - straight line, f/p - iguana
Aim: an iguana (moderately wounded, 100% to hit)
The magic dart hits the iguana!
The iguana is severely wounded.
The iguana closely misses you.
Casting: Magic Dart (safe; 1% risk of failure)
Confirm with . or Enter, or press ? or * to list all spells.
Aiming: Magic Dart (safe; 1% risk of failure)
Press: ? - help, Shift-Dir - straight line, f/p - iguana
Aim: an iguana (severely wounded, 100% to hit)
The magic dart hits the iguana but does no damage.
The iguana is severely wounded.
The iguana bites you!
Unknown command.
Casting: Magic Dart (safe; 1% risk of failure)
Confirm with . or Enter, or press ? or * to list all spells.
Aiming: Searing Ray (safe; 1% risk of failure)
Press: ? - help, Shift-Dir - straight line, f/p - iguana
Aim: an iguana (severely wounded, 83% to hit)
The searing ray hits the iguana.
You kill the iguana! (Press . to maintain the ray.)
You start resting.
Magic restored.
You start resting.
HP restored.
As you read the scroll of enchant armour, it crumbles to dust.
Your +2 kite shield glows green for a moment.
A centaur comes into view.
The centaur shouts!
The centaur wields a +0 shortbow.
The centaur shoots an arrow.
The arrow hits you.
The centaur shoots an arrow.
The arrow barely misses you.
The centaur shoots an arrow.
The arrow hits you!
The centaur shoots an arrow.
The arrow hits you.
The centaur shoots an arrow.
The arrow barely misses you.
You feel yourself speed up.
The centaur shoots an arrow.
The arrow hits you.
* * * LOW HITPOINT WARNING * * *
The centaur shoots an arrow.
The arrow hits you.
You die...

#########
#c......##
#.♣#####♣@# #. #.#
#. #.### #.
#.'.############
#.
#.#..##........##
#c
#.#....#####....##
#. ♣.#.####
##..... .####
#..... # #..##..


You could see a centaur.

Vanquished Creatures
  2 iguanas
  An orc wizard (D:4)
  3 adders
  3 dart slugs
  4 orcs (D:4)
  2 bats
  2 endoplasms
  3 giant cockroaches
  9 goblins
  8 hobgoblins
  6 quokkas
  5 ball pythons
  3 frilled lizards
  4 kobolds
  4 rats
59 creatures vanquished.

Notes
Turn   | Place    | Note
-------+----------+-------------------------------------------
     0 | D:1      | FaviusArthum the Deep Elf Conjurer began the quest for the
                  | Orb.
     0 | D:1      | Reached XP level 1. HP: 10/10 MP: 6/6
   854 | D:2      | Reached XP level 2. HP: 15/15 MP: 5/8
   857 | D:2      | Learned a level 2 spell: Searing Ray
  1005 | D:2      | Reached skill level 5 in Conjurations
  1517 | D:2      | Reached XP level 3. HP: 19/19 MP: 3/9
  1788 | D:2      | Found a faded altar of an unknown god.
  2386 | D:3      | Found a runed translucent door.
  2387 | D:3      | Noticed Crazy Yiuf
  2671 | D:3      | Found a stormy altar of Qazlal.
  3137 | D:3      | Reached XP level 4. HP: 24/24 MP: 9/11
  3142 | D:3      | Learned a level 4 spell: Fulminant Prism
  4003 | D:4      | Reached skill level 6 in Conjurations
  4033 | D:4      | Found an ancient bone altar of Kikubaaqudgha.
  4759 | D:4      | Reached XP level 5. HP: 28/28 MP: 11/13
  4916 | D:4      | Reached skill level 1 in Hexes
  5062 | D:4      | Noticed a steam dragon
  5538 | D:4      | You fall into a shaft and drop 3 floors!
  5539 | D:7      | Found Ybbeujao's General Store.
  5689 | D:7      | Noticed a centaur
  5697 | D:7      | Shot with an arrow by a centaur

Illustrated notes

Levels and vault maps discovered:
D:1:      spicycebolla_arrival_clurvy, layout_loops_corners
D:2:      layout_rooms, dreamdust_ecumenical_altar_angels_and_demons
D:3:      layout_basic, grunt_qazlal_clouds, minmay_misc_feat_x, chequers_jeans,
          minivault_23, uniq_crazy_yiuf_cottage
D:4:      layout_loops_ring, lemuel_round_altar
D:7:      layout_layer_cave, serial_shops, nicolae_take_the_stairs,
          nicolae_shop_behind_doors, nicolae_stop_n_shop_2, nicolae_shop_stone,
          nicolae_square_shop, grunt_ministairs_11, minivault_14, the_hattery

Skill      XL: |  1  2  3  4  5 |
---------------+----------------+-----
Conjurations   | 5 6 |  6.2
Spellcasting   | 4 |  4.7
Hexes          | 1 |  1.2
Short Blades   | |  0.2
Dodging        | |  2.6
Stealth        | |  2.7

Action                   |  1- 3 |  4- 6 || total
-------------------------+-------+-------++-------
Melee: Dagger            |       |     7 ||     7
 Cast: Magic Dart        |    57 |    27 ||    84
       Searing Ray       |     7 |    23 ||    30
  Use: Scroll            |     3 |     3 ||     6
       Potion            |       |     2 ||     2
Armor: Robe              |       |     4 ||     4
Dodge: Dodged            |     2 |    14 ||    16
